 Dungeon Crawl Stone Soup version 0.19.5 (webtiles) character file.

98 uberloutre the Ducker (level 4, -1/21 HPs)
             Began as a Felid Monk on Mar 4, 2017.
             Slain by Felix's ghost (11 damage)
             ... on level 3 of the Dungeon.
             The game lasted 00:15:21 (3152 turns).

uberloutre the Ducker (Felid Monk)                  Turns: 3152, Time: 00:15:21

Health: -1/21      AC:  1    Str:  7    XL:     4   Next: 43%
Magic:  5/5        EV: 21    Int: 11    God:
Gold:   124        SH:  0    Dex: 19    Spells: 0 memorised, 3 levels left
                                        Lives:  0   Deaths: 1

rFire  . . .     SeeInvis +       - Unarmed
rCold  . . .     Gourm    .     (armour unavailable)
rNeg   + . .     Faith    .     (shield unavailable)
rPois  .         Spirit   .     (helmet unavailable)
rElec  .         Reflect  .     (cloak unavailable)
rCorr  .         Harm     .     (gloves unavailable)
MR     .....                    (boots unavailable)
Stlth  ++++......               k - amulet of regeneration
                                (no ring)
                                l - ring of positive energy

@: quick
A: no armour, no weapons or thrown items, stealth, claws 1, fangs 3, see
invisible, carnivore 3, speed 1, shaggy fur 1, slow metabolism 1, sharp paws
a: no special abilities


You were on level 3 of the Dungeon.
You were completely stuffed.

You visited 1 branch of the dungeon, and saw 3 of its levels.

You collected 124 gold pieces.

Inventory:

Jewellery
 k - an amulet of regeneration (around neck)
 l - a ring of positive energy (left paw)
 m - an uncursed amulet of rage
 s - an uncursed amulet of the gourmand {unknown}
Wands
 o - a wand of lightning (0/15)
Scrolls
 c - a scroll of noise {unknown}
 d - 3 scrolls of remove curse {unknown}
 e - a scroll of fog {unknown}
 f - a scroll of amnesia {unknown}
 g - a scroll of teleportation {unknown}
 p - a scroll of blinking {unknown}
 r - 2 scrolls of random uselessness {unknown}
 t - a scroll of enchant weapon {unknown}
Potions
 b - a potion of brilliance {unknown}
 h - a potion of invisibility {unknown}
 i - a potion of degeneration {unknown}
 j - a potion of lignification {unknown}
 n - a potion of berserk rage {unknown}
 u - a potion of heal wounds {unknown}
 v - 2 potions of magic {unknown}
Comestibles
 a - 3 meat rations


   Skills:
 + Level 3.5 Fighting
 * Level 5.4 Dodging
 * Level 5.0 Stealth
 + Level 3.5 Unarmed Combat


You had 3 spell levels left.
You didn't know any spells.

Dungeon Overview and Level Annotations

Branches:
Dungeon (3/15)

Altars:
Ashenzari
Uskayaw
Xom
Zin

Annotations:
D:3 Felix's ghost, amateur NaTm


Innate Abilities, Weirdness & Mutations

You cannot wear armour.
You are incapable of wielding weapons or throwing items.
Your paws allow you to move quietly. (Stealth)
You have sharp claws.
You have razor-sharp teeth.
You have supernaturally acute eyesight. (SInv)
You are carnivorous and can eat meat at any time.
You cover ground quickly.
You are covered in fur. (AC +1)
You have a slow metabolism.
Your sharp claws are effective at attacking unaware monsters.


Message History

Felix's ghost is moderately damaged.
Felix's ghost closely misses you.
You scratch Felix's ghost.
Felix's ghost is heavily damaged.
Felix's ghost misses you.
You scratch Felix's ghost.
Felix's ghost is heavily damaged.
Felix's ghost hits you.
You scratch Felix's ghost.
Felix's ghost is heavily damaged.
Felix's ghost misses you.
You scratch Felix's ghost.
Felix's ghost is heavily damaged.
Felix's ghost hits you!
An orc comes into view.
You barely miss Felix's ghost.
Felix's ghost is heavily damaged.
Felix's ghost hits you!
Ouch! That really hurt!
You die...

...########.......##.##..........
..................'..............
..................##.##..........
##................).........#+#.#
##.................#.##...#.#....
##.................#........###.#
##..........###..#.#.####........
............# #..#.#.#..#....##.#
............# #.@#.#.#(.#._.###.#
######'#'##.###..W...#(.#...# #.#
.#####(.......o......####...# #..
#......#.##.##..............#####
########.##.##...................
# #.##..'...#........#.##### #
###.#####...#............... #
#...........#......###.##### ##
#..............>............


You could see a hand axe, Felix's ghost and an orc.

Vanquished Creatures
  3 gnolls (D:3)
  2 adders (D:3)
  2 oozes
  3 worms
  2 dart slugs (D:2)
  3 leopard geckos
  2 orcs (D:3)
  2 giant cockroaches
  8 goblins
  10 hobgoblins
  2 jackals (D:1)
  10 kobolds
  A quokka (D:3)
  9 bats
  5 frilled lizards
  6 rats
70 creatures vanquished.

Notes
Turn   | Place    | Note
-------+----------+-------------------------------------------
     0 | D:1      | uberloutre the Felid Monk began the quest for the Orb.
     0 | D:1      | Reached XP level 1. HP: 10/10 MP: 2/2
   415 | D:1      | Reached XP level 2. HP: 5/14 MP: 3/3
  1162 | D:1      | Reached XP level 3. HP: 17/17 MP: 4/4
  1593 | D:2      | Found a glowing silver altar of Zin.
  1649 | D:2      | Found a shimmering altar of Xom.
  2010 | D:2      | Reached skill level 5 in Dodging
  2010 | D:2      | Reached XP level 4. HP: 21/21 MP: 5/5
  2305 | D:3      | Found a shattered altar of Ashenzari.
  2408 | D:3      | Noticed Felix's ghost (amateur NaTm)
  2424 | D:3      | Slain by Felix's ghost
  2425 | D:3      | Reached XP level 3. HP: -2/17 MP: 4/4
  2526 | D:3      | Reached XP level 4. HP: 11/21 MP: 5/5
  2717 | D:3      | Noticed a dagger
  2723 | D:3      | Found a hide-covered altar of Uskayaw.
  2724 | D:3      | Noticed a hand axe
  2884 | D:3      | Reached skill level 5 in Stealth
  3152 | D:3      | Slain by Felix's ghost

Skill      XL: |  1  2  3  4 |
---------------+-------------+-----
Stealth        | 3 4 5 |  5.0
Dodging        | 5 |  5.4
Fighting       | |  3.5
Unarmed Combat | |  3.5

Action                   |  1- 3 |  4- 6 || total
-------------------------+-------+-------++-------
Melee: Unarmed           |   132 |    70 ||   202
       Bite              |    13 |     4 ||    17
       Punch             |     1 |     2 ||     3
Evoke: Wand              |       |     4 ||     4
  Use: Scroll            |     3 |     1 ||     4
       Potion            |       |     1 ||     1
 Stab: Sleeping          |    15 |     4 ||    19
       Distracted        |       |     1 ||     1
  Eat: Chunk             |     9 |     8 ||    17
Armor: Skin              |     5 |     3 ||     8
Dodge: Dodged            |   106 |    60 ||   166
